 Dungeon Crawl Stone Soup version 0.29.1-15-g9cfb28693d (webtiles) character file.

Game seed: 13555515391662769367

44 Heoruswealwe the Magician (level 3, -2/19 HPs)
             Began as a Deep Elf Earth Elementalist on Apr 12, 2023.
             Slain by a thrashing horror (5 damage)
             ... created by the touch of Lugonu
             ... on level 2 of the Dungeon.
             The game lasted 00:12:39 (1361 turns).

Heoruswealwe the Magician (DEEE)                    Turns: 1361, Time: 00:12:40

Health: -2/19      AC:  2    Str:  5    XL:     3   Next: 41%
Magic:  8/10       EV: 12    Int: 21    God:
Gold:   85         SH:  0    Dex: 15    Spells: 4/10 levels left

rFire   . . .      SeeInvis .   j - +0 war axe
rCold   . . .      Faith    .   (no shield)
rNeg    . . .      Spirit   .   a - +0 robe
rPois   .          Reflect  .   (no helmet)
rElec   .          Harm     .   (no cloak)
rCorr   .          Rampage  .   (no gloves)
Will    .....                   (no boots)
Stlth   +.........              (no amulet)
HPRegen 0.06/turn               e - ring of flight
MPRegen 0.12/turn               (no ring)

@: confused, flying
A: no striking features
a: no special abilities


You were on level 2 of the Dungeon.
You visited 1 branch of the dungeon, and saw 2 of its levels.

You collected 85 gold pieces.

Inventory:

Hand Weapons
 j - a +0 war axe (weapon)
Armour
 a - a +0 robe (worn)
Magical Staves
 o - a staff of fire
Jewellery
 e - a ring of flight (left hand)
Scrolls
 g - 2 scrolls of enchant weapon {unknown}
 h - 3 scrolls of identify {unknown}
 i - a scroll of teleportation {unknown}
 k - 2 scrolls of butterflies {unknown}
 l - a scroll of blinking {unknown}
 m - 2 scrolls of vulnerability {unknown}
Potions
 b - a potion of magic
 c - a potion of invisibility {unknown}
 d - a potion of curing {unknown}
 f - a potion of degeneration {unknown}
 n - a potion of brilliance {unknown}


   Skills:
 - Level 2.4 Dodging
 - Level 2.4 Stealth
 + Level 4.3 Spellcasting
 - Level 1.1 Transmutations
 + Level 4.2 Earth Magic


You had 4 spell levels left.
You knew the following spells:

 Your Spells              Type           Power      Damage    Failure   Level
a - Sandblast             Erth           44%        2d11      1%          1
b - Stone Arrow           Conj/Erth      26%        3d8       14%         3
z - Passwall              Tmut/Erth      12%        N/A       6%          2

Your spell library contained the following spells:

 Spells                   Type           Power      Damage    Failure   Level
 Freeze                   Ice            16%        1d4       12%         1
 Frozen Ramparts          Ice            8%         1d2       34%         3
 Petrify                  Tmut/Erth      15%        N/A       36%         4
 Hailstorm                Conj/Ice       4%         3d4       75%         4


Dungeon Overview and Level Annotations

Branches:
Dungeon (2/15)

Altars:
Lugonu


Message History

You see here a ball python corpse.
A goblin comes into view. It is wielding a +0 club.
The goblin shouts!
The blast of sand hits the goblin!
You kill the goblin!
A ball python comes into view.
The ball python hisses angrily.
Things that are here:
a +0 club; a goblin corpse You can't see any susceptible monsters within range! (Use Z to cast anyway.)
The blast of sand misses the ball python.
The ball python bites you. The ball python grabs you.
The ball python constricts you. The ball python bites you.
The ball python constricts you.
The blast of sand hits the ball python!
You kill the ball python!
You see here a ball python corpse.
A gnoll comes into view. It is wielding a +0 halberd.
A gnoll comes into view. It is wielding a +0 spear.
The gnoll shouts!
A gnoll comes into view. It is wielding a +0 spear.
The gnoll moves out of view.
The blast of sand hits the gnoll.
The gnoll is heavily wounded.
The gnoll shouts!
A goblin comes into view. It is wielding a +0 dagger.
The gnoll misses you. Lugonu sends minions to punish you.
The divine experience confuses you!
You are confused.
A thrashing horror comes into view.
You're too confused to cast spells.
You bump into the translucent stone wall.
The goblin shouts!
The gnoll closely misses you.
You barely miss the thrashing horror. The thrashing horror barely misses you.
The thrashing horror misses you. The thrashing horror tramples you!
Ouch! That really hurt!
* * * LOW HITPOINT WARNING * * *
You hold your ground!
The thrashing horror tramples you.
You die...

##.#.##
##.#.## .##
##.#.## #.##
#.#.## #.#.#
# ##†#.##
#.#.# .
##.#.##
##g#g# .
##.#.##
##g#.# #
##.#.##
##.#.#
##.#†###.#@##
##.#.#.#X##
##.#.#.##
##)#.## ##
##.## .## ###
..# ..# ..#


You could see a thrashing horror, 2 gnolls and a goblin.

Vanquished Creatures
  A dart slug (D:2)
  7 endoplasms
  7 goblins
  4 hobgoblins
  2 jackals (D:1)
  A quokka (D:1)
  5 ball pythons
  3 bats
  4 frilled lizards (D:1)
  2 kobolds (D:2)
  4 rats (D:1)
40 creatures vanquished.

Notes
Turn   | Place    | Note
-------+----------+-------------------------------------------
     0 | D:1      | Heoruswealwe the Deep Elf Earth Elementalist began the
                  | quest for the Orb.
     0 | D:1      | Reached XP level 1. HP: 10/10 MP: 6/6
   194 | D:1      | Reached XP level 2. HP: 15/15 MP: 5/8
   197 | D:1      | Learned a level 2 spell: Passwall
   951 | D:2      | Found a faded altar of an unknown god.
   954 | D:2      | Prayed at the altar of an unknown god.
   954 | D:2      | Became a worshipper of Lugonu the Unformed
   954 | D:2      | Reached * piety under Lugonu
   954 | D:2      | Reached ** piety under Lugonu
   955 | D:2      | Fell from the grace of Lugonu
  1000 | D:2      | Reached XP level 3. HP: 19/19 MP: 6/10
  1004 | D:2      | Learned a level 3 spell: Stone Arrow
  1359 | D:2      | Noticed a thrashing horror
  1361 | D:2      | Slain by a thrashing horror

Illustrated notes

Levels and vault maps discovered:
D:1:      saegor_arrival_under_anarchy, layout_loops_corners
D:2:      minmay_inner_zag, layout_basic, nicolae_ecumenical_oubliette,
          minivault_4, minmay_goblin_kobold_house, uniq_jessica

Skill      XL: |  1  2 |
---------------+-------+-----
Spellcasting   | 4 |  4.3
Earth Magic    | 4 |  4.2
Dodging        | |  2.4
Stealth        | |  2.4
Transmutations | |  1.1

Action                   || total
-------------------------++-------
Melee: War axe           ||     1
 Cast: Sandblast         ||    49
       Passwall          ||     1
Invok: Renounce Religion ||     1
Armor: Robe              ||     2
Dodge: Dodged            ||     5
